 Dungeon Crawl Stone Soup version 0.27.1-33-g824d729ab1 (webtiles) character file.

Game seed: 9300440344446080867

53 SensoryNuts the Ducker (level 3, -1/36 HPs)
             Began as a Troll Fighter on Dec 7, 2021.
             Slain by a kobold (2 damage)
             ... on level 2 of the Dungeon.
             The game lasted 00:01:21 (927 turns).

SensoryNuts the Ducker (Troll Fighter)               Turns: 927, Time: 00:01:21

Health: -1/36      AC:  4    Str: 25    XL:     3   Next: 64%
Magic:  2/2        EV:  8    Int:  4    God:
Gold:   55         SH:  9    Dex:  9    Spells: 2/2 levels left

rFire    + . .     SeeInvis .   a - +0 flail
rCold    + . .     Faith    .   c - +0 kite shield
rNeg     . . .     Spirit   .   b - +0 robe
rPois    +         Reflect  .   (helmet restricted)
rElec    +         Harm     .   (no cloak)
rCorr    +         Rampage  .   (gloves unavailable)
Will     .....     Clarity  +   (boots unavailable) Stlth +.........Rnd*Tele +
                                (no amulet)
HPRegen  1.12/turn              (no ring)
MPRegen  0.08/turn              (no ring)

@: mighty, lethally poisoned (-1 -> -2), resistant
A: large, unfitting armour, claws 3, regeneration 1, shaggy fur 1, tough skin 1,
clarity, high mp 1, teleportitis 1
a: no special abilities


You were on level 2 of the Dungeon.
You visited 1 branch of the dungeon, and saw 2 of its levels.

You collected 55 gold pieces.

Inventory:

Hand Weapons
 a - a +0 flail (weapon)
Armour
 b - a +0 robe (worn)
 c - a +0 kite shield (worn)
Scrolls
 e - a scroll of identify {unknown}
 f - a scroll of teleportation {unknown}
 h - a scroll of fear {unknown}
Potions
 d - a potion of might


   Skills:
 + Level 2.7 Fighting
 + Level 2.5 Maces & Flails
 + Level 3.0 Dodging
 + Level 2.7 Shields


You had 2 spell levels left.
You didn't know any spells.
Your spell library was empty.

Dungeon Overview and Level Annotations

Branches:
Dungeon (2/15)

Altars:

Shops:
D:1 *


Innate Abilities, Weirdness & Mutations

You are too large for most types of armour.
You have claws for hands.
Your natural rate of healing is unusually fast.
You are covered in fur. (AC +1)
You have tough skin. (AC +1)
You possess an exceptional clarity of mind.
You have an increased reservoir of magic. (+10% MP)
You are occasionally teleported next to monsters.


Message History

You are too injured to fight recklessly!
Unknown command.
You barely miss the adder.
The adder is moderately wounded.
You block the adder's attack. The kobold barely misses you.
The goblin barely misses you. The rat bites you. The adder closely misses you.
The kobold hits you with a +0 whip.
* * * LOW HITPOINT WARNING * * *
You barely miss the adder.
The adder is moderately wounded.
The goblin hits you with a +0 club.
* * * LOW HITPOINT WARNING * * *
The adder bites you but does no damage. You block the rat's attack.
The kobold closely misses you. The adder closely misses you. The rat bites you.
* * * LOW HITPOINT WARNING * * *
The goblin hits you but does no damage.
It was a potion of mutation.
You feel extremely strange.
You feel weirdly uncertain.
Your thoughts seem clearer.
You feel more energetic. You block the kobold's attack.
The adder bites you but does no damage. The goblin hits you but does no damage.
You block the rat's attack.
It was a potion of resistance.
You feel protected. The adder closely misses you.
You block the kobold's attack. The goblin hits you with a +0 club.
* * * LOW HITPOINT WARNING * * *
The rat barely misses you.
You feel very mighty all of a sudden. You block the adder's attack.
You block the kobold's attack. The goblin hits you but does no damage.
The rat bites you but does no damage. The adder bites you.
* * * LOW HITPOINT WARNING * * *
You are poisoned.
The adder poisons you!
You miss the adder.
The adder is moderately wounded.
You feel sick. The adder bites you.
* * * LOW HITPOINT WARNING * * *
The kobold hits you with a +0 whip.
You die...

.............##
........).....#
..............#
..............#
..............#
........$.....#
......Sgr.....#
......K@.....#
.....##.....##
..# #######


You could see an adder, a goblin, a kobold and a rat.

Vanquished Creatures
  3 dart slugs (D:1)
  3 ball pythons (D:1)
  A bat (D:1)
  5 endoplasms
  A giant cockroach (D:1)
  2 goblins (D:1)
  4 hobgoblins (D:1)
  6 jackals (D:1)
  3 kobolds
  3 quokkas (D:1)
  A frilled lizard (D:1)
  9 rats (D:1)
41 creatures vanquished.

Notes
Turn   | Place    | Note
-------+----------+-------------------------------------------
     0 | D:1      | SensoryNuts the Troll Fighter began the quest for the Orb.
     0 | D:1      | Reached XP level 1. HP: 22/22 MP: 0/0
    45 | D:1      | Found Soqedeturr's Assorted Antiques.
    65 | D:1      | Reached XP level 2. HP: 25/29 MP: 1/1
   304 | D:1      | Reached XP level 3. HP: 36/36 MP: 2/2
   920 | D:2      | Reached skill level 3 in Dodging
   924 | D:2      | Gained mutation: You are occasionally teleported next to
                  | monsters. [potion of mutation]
   924 | D:2      | Gained mutation: You possess an exceptional clarity of
                  | mind. [potion of mutation]
   924 | D:2      | Gained mutation: You have an increased reservoir of magic.
                  | (+10% MP) [potion of mutation]
   927 | D:2      | HP: 1/36 [adder (2)]
   927 | D:2      | Slain by a kobold

Illustrated notes

Levels and vault maps discovered:
D:1:      shiori_arrival_elements, layout_basic, serial_shops, shop,
          minmay_tree_intersection
D:2:      layout_rooms, shapermc_ecumenical_altar_venn

Skill      XL: |  1  2  3 |
---------------+----------+-----
Maces & Flails | 2 |  2.5
Dodging        | 3 |  3.0
Fighting       | |  2.7
Shields        | |  2.7

Action                   || total
-------------------------++-------
Melee: Flail             ||   110
  Use: Potion            ||     3
 Stab: Distracted        ||     1
Armor: Robe              ||    68
Dodge: Dodged            ||    72
Block: Kite shield       ||    78
